 Dungeon Crawl Stone Soup version 0.16.0-17-g811c1d7 (webtiles) character file.

120 Sorcv the Sneak (level 5, -4/28 HPs)
             Began as a Kobold Enchanter on Mar 20, 2015.
             Slain by Sigmund
             ... wielding a +4 scythe of freezing
              (9 damage)
             ... on level 3 of the Dungeon.
             The game lasted 00:04:06 (1131 turns).

Sorcv the Sneak (Kobold Enchanter)                  Turns: 1131, Time: 00:04:06

Health: -4/28      AC:  5    Str:  6    XL:     5   Next: 25%
Magic:  0/9        EV: 15    Int: 13    God:
Gold:   80         SH:  0    Dex: 18    Spells: 2 memorised, 5 levels left

rFire  . . .     SeeInvis .     a - +1 dagger
rCold  . . .     Clarity  .     b - +1 robe
rNeg   . . .     SustAb   .     (no shield)
rPois  .         Gourm    .     h - +2 hat
rElec  .         Spirit   .     (no cloak)
rCorr  .         Warding  .     (no gloves)
rMut   .         Stasis   .     (no boots)
MR     .....                    (no amulet)
Stlth  ++++......               (no ring)
                                (no ring)

@: very slightly contaminated, not resistant to hostile enchantments, stealthy
A: carnivore 3
a: no special abilities


You were on level 3 of the Dungeon.
You were not hungry.

You visited 1 branch of the dungeon, and saw 3 of its levels.

You collected 80 gold pieces.

Inventory:

Hand weapons
 a - a +1 dagger (weapon)
Armour
 b - a +1 robe (worn)
 h - a +2 hat (worn)
Magical devices
 n - a wand of fireball (0)
Scrolls
 e - a scroll of remove curse {unknown}
 f - 2 scrolls of enchant weapon {unknown}
 i - a scroll of recharging {unknown}
 j - a scroll of amnesia {unknown}
 k - 2 scrolls of identify {unknown}
 m - 2 scrolls of fog {unknown}
Potions
 l - a potion of heal wounds
Books
 c - a book of Maledictions

   Spells                             Type                      Level
   a - Corona                         Hexes                        1
   b - Sure Blade                     Hexes/Charms                 2
   c - Ensorcelled Hibernation        Hexes/Ice                    2
   d - Confuse                        Hexes                        3
   e - Dazzling Spray                 Conjuration/Hexes            3
   f - Enslavement                    Hexes                        4
Comestibles
 d - 3 meat rations
 g - a beef jerky


   Skills:
 - Level 1.3 Short Blades
 - Level 2.4 Dodging
 * Level 7.3 Stealth
 - Level 2.0 Spellcasting
 + Level 3.3 Hexes
 + Level 0.8 Ice Magic


You had 5 spell levels left.
You knew the following spells:

 Your Spells              Type           Power        Failure   Level  Hunger
a - Corona                Hex            ##.....      10%         1    ##.....
b - Ensorcelled Hibernat  Hex/Ice        #.....       17%         2    ###....


Dungeon Overview and Level Annotations

Branches:
Dungeon (3/15)

Altars:

Annotations:
D:3 Sigmund


Innate Abilities, Weirdness & Mutations

You are small and have problems with some larger weapons.
You are carnivorous and can eat meat at any time.


Message History

You miscast Ensorcelled Hibernation.
Nothing appears to happen.
Sigmund hits you from afar with a scythe of freezing.
Sigmund freezes you.
* * * LOW HITPOINT WARNING * * *
Casting: Ensorcelled Hibernation
Confirm with . or Enter, or press ? or * to list all spells.
Aiming: Ensorcelled Hibernation
Press: ? - help, Shift-Dir - straight line, f/p - Sigmund
Aim: Sigmund, wielding a scythe of freezing, wearing a robe and carrying a wand of invisibility {zapped: 1} (softly glowing, slightly transparent, chance 47%) Sigmund looks drowsy...
The hobgoblin shouts!
Sigmund shouts!
Sigmund hits you with a scythe of freezing.
* * * LOW HITPOINT WARNING * * *
Sigmund freezes you.
* * * LOW HITPOINT WARNING * * *
A rat comes into view.
You hit Sigmund but do no damage.
Sigmund laughs darkly.
Sigmund hits you with a scythe of freezing!
You die...

..................>#
#########.####....#
#.####....#
#........##
##........# #
#........# #.###
#........#
#....#######........#
#..g['..@@.....<....#
#.r..######.##.......
...g... #.########
######. #.. #. ####
#. .. .. .


You could see Sigmund (invisible), a hobgoblin and a rat.

Vanquished Creatures
  An orc priest (D:3)
  An orc wizard (D:3)
  An adder (D:2)
  2 worms (D:2)
  4 giant geckos
  An orc (D:3)
  A ball python (D:1)
  3 bats (D:1)
  2 hobgoblins
  5 jackals (D:2)
  4 kobolds
  A giant newt (D:1)
  4 goblins
  3 rats
33 creatures vanquished.

Notes
Turn   | Place    | Note
--------------------------------------------------------------
     0 | D:1      | Sorcv, the Kobold Enchanter, began the quest for the Orb.
     0 | D:1      | Reached XP level 1. HP: 10/10 MP: 3/3
    49 | D:1      | Reached XP level 2. HP: 15/15 MP: 4/4
   201 | D:1      | Reached skill level 5 in Stealth
   252 | D:1      | Learned a level 2 spell: Ensorcelled Hibernation
   396 | D:2      | Reached XP level 3. HP: 3/19 MP: 6/6
   545 | D:2      | Reached skill level 6 in Stealth
   954 | D:2      | Reached XP level 4. HP: 13/24 MP: 0/7
  1111 | D:3      | Noticed Sigmund
  1112 | D:3      | Reached skill level 7 in Stealth
  1112 | D:3      | Reached XP level 5. HP: 26/28 MP: 9/9
  1131 | D:3      | Slain by Sigmund

Action                   |  1- 3 |  4- 6 || total
-------------------------+-------+-------++-------
Melee: Dagger            |    84 |     5 ||    89
 Cast: Corona            |     1 |     1 ||     2
       Ensorcelled Hiber |     1 |     2 ||     3
Evoke: Wand              |       |     2 ||     2
  Use: Potion            |     2 |     1 ||     3
 Stab: Sleeping          |     9 |       ||     9
       Distracted        |     1 |       ||     1
  Eat: Chunk             |     2 |       ||     2
